Map: Acolyte LE

Players

StarLord - Winner!

  • Race: Terran Terran
  • League: Silver
  • Spawn Location: 7:00

Winthrowe

  • Race: Terran Terran
  • League: Silver
  • Spawn Location: 1:00

VOD

Have the link to the VOD?

Description

Time

  • Played on: Sept. 2, 2017, 1:31 p.m.
  • Length: 10:25
Show
View Real Time Build Order
Export as new Build Order

StarLord Terran - Winner!

Build Orders:  

Get SALT Encoding   

  12  0:01  SCV  
  13  0:13  SCV  
  14  0:29  Refinery  
  14  0:31  SCV  
  14  0:34  Supply Depot  
  15  0:56  SCV  
  16  0:58  Barracks  
  16  1:09  SCV  
  17  1:19  Supply Depot  
  17  1:31  Barracks  
  17  1:38  Refinery  
  17  1:45  Orbital Command, Supply Depot  
  17  2:05  Reaper  
  17  2:18  Reaper  
  17  2:21  SCV  
  19  2:28  Factory  
  19  2:37  Reaper  
  19  2:39  SCV  
  21  2:50  Reaper  
  22  2:51  SCV  
  23  3:03  SCV  
  24  3:10  Reaper  
  25  3:13  Factory Tech Lab  
  25  3:17  Starport  
  25  3:22  SCV, Reaper  
  27  3:34  SCV  
  28  3:43  Command Center  
  28  3:44  Siege Tank  
  31  4:02  Barracks Reactor  
  31  4:06  Barracks Tech Lab, Starport Tech Lab  
  31  4:18  Armory  
  31  4:45  Supply Depot  
  31  4:48  Supply Depot  
  31  4:50  Supply Depot  
  31  4:55  SCV, Medivac  
  30  5:30  Thor  
  30  5:32  Medivac  
  30  5:34  Marine x3  
  41  5:41  SCV  
  42  5:52  Marine x3  
  42  5:53  SCV x2  
  47  6:04  Engineering Bay  
  47  6:05  SCV  
  47  6:09  Marine x2  
  47  6:10  Marine  
  47  6:11  Stimpack  
  51  6:13  Siege Tank  
  54  6:27  Marine  
  48  7:36  Marine x3  
  49  7:54  Marine x3  
  52  7:59  Medivac  
  54  8:09  Siege Tank  
  54  8:12  Marine x3  
  60  8:19  Orbital Command  
  60  8:23  SCV  
  61  8:29  Marine, Missile Turret, Medivac  
  61  8:30  Marine x2, Missile Turret  
  66  8:35  SCV  
  66  8:41  Siege Tank  
  70  8:58  Marine  
  70  8:59  Marine  
Show
View Real Time Build Order
Export as new Build Order

Winthrowe Terran 

Build Orders: MMM Bio 

Get SALT Encoding   

  12  0:01  SCV  
  13  0:14  SCV  
  14  0:26  SCV  
  14  0:27  Supply Depot  
  15  0:32  Refinery  
  15  0:48  SCV  
  16  0:51  Barracks  
  16  1:00  SCV  
  17  1:13  SCV  
  18  1:25  SCV  
  19  1:37  SCV  
  20  1:43  Marine  
  20  1:45  Command Center  
  21  1:51  SCV  
  22  2:01  Marine  
  22  2:03  Barracks  
  23  2:10  Orbital Command  
  23  2:54  SCV  
  24  3:01  Supply Depot  
  24  3:02  Barracks Tech Lab x2  
  24  3:06  SCV  
  24  3:08  SCV  
  26  3:18  SCV  
  27  3:20  SCV  
  27  3:23  Supply Depot  
  28  3:31  SCV  
  28  3:32  Engineering Bay  
  28  3:34  Marine x2  
  29  3:36  Combat Shields  
  29  3:40  Stimpack  
  31  3:46  SCV  
  31  3:47  SCV  
  33  3:52  Marine x2  
  33  3:54  Factory  
  35  3:59  Engineering Bay  
  35  4:12  SCV  
  35  4:16  Orbital Command  
  36  4:24  Marine x2  
  38  4:42  Marine x2  
  40  4:46  Terran Infantry Weapons Level 1, Terran Infantry Armor Level 1  
  40  4:51  SCV  
  40  4:52  SCV  
  42  4:55  Concussive Shells  
  41  5:00  Marine x2  
  41  5:03  SCV  
  41  5:04  SCV  
  32  5:15  SCV  
  32  5:16  SCV  
  32  5:18  Marine x2  
  35  5:27  SCV  
  35  5:28  SCV  
  37  5:35  Marine  
  37  5:36  Marine  
  37  5:40  SCV x2  
  41  5:49  Refinery  
  41  5:52  SCV x2  
  41  5:53  Marine x2  
  45  6:02  Barracks  
  45  6:04  SCV x2  
  46  6:05  Factory Reactor  
  47  6:11  Marine x2  
  47  6:16  SCV x2  
  51  6:28  SCV x2  
  51  6:29  Marine x2  
  46  6:45  Hellion  
  46  6:46  Hellion  
  46  6:47  Marine x2  
  47  7:04  Marine  
  47  7:05  Marine  
  47  7:06  Hellion  
  47  7:07  Hellion  
  52  7:22  Marine x2  
  52  7:23  SCV x2  
  52  7:28  Hellion x2  
  60  7:35  SCV x2  
  61  7:40  Marine x2  
  60  7:47  SCV x2  
  60  7:51  Command Center  
  62  8:01  Marine x2, SCV x2, Hellion x2  
  70  8:08  Supply Depot x2  
  70  8:09  Supply Depot  
  70  8:20  Armory  
  70  8:29  Marine x2, SCV x2  
  70  8:30  Hellion x2  
  78  8:47  Marine x2  
  46  9:05  Marine x2  
  41  9:10  Barracks Reactor  
  41  9:15  Starport  
  33  9:23  Marine x2  
  34  9:40  Marine  
  34  9:41  Marauder  
  34  9:51  Marine  
  29  9:53  Marine  
  29  9:58  Marine  
  24  10:02  Marine  
Tags
 
Composition
MMM Bio
Matchup
TvT
Race
Terran
Spawn Locations
Cross Positions
Add a new tag
Caveats
  • Supply blocks, unpowered buildings, or Contaminate may cause inaccurate times.
  • Supply counts are checked every 10 seconds.